[Event "Titled Tuesday Blitz December 13 Late 2022"]
[White "Ozates, Tuna"]
[Black "Prieto Aranguren, Alain"]
[WhiteFideId "6354521"]
[BlackFideId "2268906"]
[WhiteElo "2151"]
[BlackElo "2209"]
[Result "1-0"]
[Round "02"]
[TimeControl "180+1"]
[Date "2022.12.14"]
[WhiteClock "0:00:49"]
[BlackClock "0:00:45"]

1. d4 d5 2. Bf4 c5 3. e3 cxd4 4. exd4 Nc6 5. c3 Nf6 6. Bd3 g6 7. Nf3 Bf5 8. Bxf5 gxf5 9. O-O e6 10. Ne5 Bd6 11. Nd2 Rg8 12. Kh1 Qc7 13. Qe2 O-O-O 14. b4 Ng4 15. Nxc6 Bxf4 16. Nxa7+ Kb8 17. Nb5 Qe7 18. g3 Nxh2 19. Nf3 Nxf3 20. Qxf3 Rg4 21. Rg1 Rdg8 22. Rg2 Qf6 23. Rh2 Bxg3 24. fxg3 Rxg3 25. Qf4+ Ka8 26. Qc7 Qg5 27. Qa5+ Kb8 28. Qa7+ Kc8 29. Qa8+ Kd7 30. Qxb7+ Ke8 31. Nd6+ Kd8 32. Nxf7+ 1-0


[Site "https://www.chess.com"]

[Event "Titled Tuesday Blitz December 13 Late 2022"]
[White "Pasti, Aron"]
[Black "Sourath Biswas"]
[WhiteFideId "785857"]
[BlackFideId "35091484"]
[WhiteElo "2250"]
[BlackElo "2164"]
[Result "1-0"]
[Round "02"]
[TimeControl "180+1"]
[Date "2022.12.14"]
[WhiteClock "0:00:18"]
[BlackClock "0:01:11"]

1. e4 c5 2. Nf3 d6 3. d4 cxd4 4. Nxd4 Nf6 5. Nc3 a6 6. h3 e5 7. Nde2 Be7 8. g4 Be6 9. Bg2 Nbd7 10. O-O h5 11. g5 Nh7 12. h4 f6 13. f4 Bg4 14. g6 Nhf8 15. f5 Nb6 16. Bf3 Qc7 17. Be3 Nfd7 18. Nd5 Nxd5 19. Qxd5 Qc6 20. Qf7+ Kd8 21. Qxg7 Bxf3 22. Qxh8+ Kc7 23. Qxa8 Qxe4 24. Rxf3 Qxf3 25. Bf2 Qxe2 26. Qg8 Qg4+ 27. Kh2 Qf4+ 28. Bg3 Qxf5 29. Qc4+ Nc5 30. g7 d5 31. Qxd5 Qxc2+ 32. Qg2 Qh7 33. g8=Q Qf5 34. Qg7 Qe6 35. Qh3 Qd6 36. Rd1 Qxd1 37. Qxe7+ Kb6 38. Bf2 Qc2 39. Qxc5+ Qxc5 40. Bxc5+ Kxc5 41. Qc3+ Kd5 42. Qf3+ e4 43. Qxh5+ Kd4 44. Qe2 f5 45. Kg3 Ke5 46. Qe3 Kd5 47. Kf4 Ke6 48. h5 Kf6 49. h6 Kg6 50. Qg3+ Kh7 51. Qg7# 1-0


[Site "https://www.chess.com"]

[Event "Titled Tuesday Blitz December 13 Late 2022"]
[White "Pham, Khoi"]
[Black "Shapiro, Daniel"]
[WhiteFideId "1054988"]
[BlackFideId "2001780"]
[WhiteElo "2517"]
[BlackElo "2368"]
[Result "1-0"]
[Round "02"]
[TimeControl "180+1"]
[Date "2022.12.14"]
[WhiteClock "0:00:09"]
[BlackClock "0:00:04"]

1. d4 Nf6 2. c4 e6 3. Nc3 Bb4 4. Qc2 d5 5. Bg5 Nbd7 6. cxd5 exd5 7. e3 c6 8. Bd3 h6 9. Bh4 Bd6 10. Nge2 O-O 11. h3 Re8 12. O-O Nf8 13. e4 dxe4 14. Nxe4 Be7 15. Bg3 Ne6 16. Rad1 Nd5 17. a3 a5 18. Nc5 Qb6 19. Rc1 Bg5 20. Rb1 Be7 21. b4 axb4 22. axb4 Nxb4 23. Qc4 Nxd4 24. Nxd4 Qxc5 25. Rfe1 Qxc4 26. Bxc4 Nd5 27. Bxd5 cxd5 28. Bd6 Kf8 29. Rxe7 Rxe7 30. Re1 Be6 31. Nxe6+ fxe6 32. Rxe6 Re8 33. Bxe7+ Rxe7 34. Rd6 Re5 35. f4 Re4 36. g3 d4 37. Kf2 Ke7 38. Rd5 Re6 39. Rxd4 b5 40. Rd5 Rb6 41. Ke3 b4 42. Rd2 Ke6 43. Rb2 h5 44. Kd4 Kf5 45. Ke3 g5 46. fxg5 Kxg5 47. Kd4 Kf5 48. Rf2+ Kg5 49. Kc4 h4 50. g4 b3 51. Kc3 Kg6 52. Rb2 Kg5 53. Rxb3 Rc6+ 54. Kd3 Kf4 55. Ke2 Rd6 56. Rf3+ Kg5 57. Rf5+ Kg6 58. Rh5 Re6+ 59. Kf2 Ra6 60. Rxh4 Ra2+ 61. Ke3 Ra3+ 62. Kd4 Ra4+ 63. Kc5 Ra5+ 64. Kb4 Ra2 65. Rh5 Rg2 66. Kc3 Rg3+ 67. Kd4 Rg1 68. Ke4 Re1+ 69. Kf3 Rf1+ 70. Kg2 Ra1 71. Rb5 Ra2+ 72. Kg3 Ra3+ 73. Kh4 Rc3 74. Rb6+ Kg7 75. g5 1-0


[Site "https://www.chess.com"]

[Event "Titled Tuesday Blitz December 13 Late 2022"]
[White "Pichot, Alan"]
[Black "Melikyan, Gnel"]
[WhiteFideId "110973"]
[BlackFideId "54109990"]
[WhiteElo "2561"]
[BlackElo "2138"]
[Result "0-1"]
[Round "02"]
[TimeControl "180+1"]
[Date "2022.12.13"]
[WhiteClock "0:00:02"]
[BlackClock "0:00:16"]

1. c4 Nf6 2. Nc3 g6 3. e4 d6 4. d4 Bg7 5. h3 O-O 6. Be3 e5 7. d5 Nh5 8. Be2 Nf4 9. Bf3 f5 10. g3 fxe4 11. Nxe4 Bf5 12. Ne2 Nxe2 13. Qxe2 Nd7 14. Bg2 b6 15. O-O Nc5 16. Nxc5 bxc5 17. g4 Bd7 18. Be4 Qh4 19. Kg2 Bh6 20. f3 Bxe3 21. Qxe3 Rf4 22. Qe1 Qg5 23. Rb1 h5 24. h4 Qf6 25. g5 Qf7 26. b4 Rf8 27. bxc5 Bf5 28. cxd6 cxd6 29. a4 Qd7 30. Qg3 Bxe4 31. fxe4 Rg4 32. Rxf8+ Kxf8 33. Rf1+ Kg7 0-1


[Site "https://www.chess.com"]

[Event "Titled Tuesday Blitz December 13 Late 2022"]
[White "Polster, Christian"]
[Black "Hajiyev, Kanan"]
[WhiteFideId "12965081"]
[BlackFideId "13404148"]
[WhiteElo "2195"]
[BlackElo "2118"]
[Result "0-1"]
[Round "02"]
[TimeControl "180+1"]
[Date "2022.12.14"]
[WhiteClock "0:00:11"]
[BlackClock "0:00:04"]

1. e4 c6 2. Nc3 d5 3. Nf3 a6 4. d4 Bg4 5. h3 Bh5 6. Bd3 e6 7. O-O Nf6 8. Bg5 Be7 9. Re1 Nxe4 10. Nxe4 Bxg5 11. Nexg5 h6 12. Nxe6 fxe6 13. Rxe6+ Kf8 14. Qe2 Nd7 15. Re1 Nf6 16. g4 Bf7 17. Re3 Qd6 18. Ne5 Re8 19. Bg6 Bxg6 20. Nxg6+ Kf7 21. Nxh8+ Rxh8 22. Re7+ Kg6 23. Qd3+ Ne4 24. Re5 Rf8 25. f3 Qf6 26. fxe4 Qf2+ 27. Kh1 Qxe1+ 28. Kg2 Rf2+ 29. Kg3 Rd2+ 30. Kf4 Rxd3 31. exd5 Qf2+ 32. Ke4 Re3# 0-1


[Site "https://www.chess.com"]

[Event "Titled Tuesday Blitz December 13 Late 2022"]
[White "Postnikov, Daniil"]
[Black "Torres Boch, Jose Francisco"]
[WhiteFideId "4166329"]
[BlackFideId "2278383"]
[WhiteElo "2261"]
[BlackElo "2073"]
[Result "1-0"]
[Round "02"]
[TimeControl "180+1"]
[Date "2022.12.14"]
[WhiteClock "0:00:15"]
[BlackClock "0:00:02"]

1. e4 c5 2. a3 e6 3. b4 cxb4 4. axb4 Bxb4 5. c3 Be7 6. d4 Nf6 7. e5 Nd5 8. Qg4 g6 9. Bh6 f5 10. exf6 Nxf6 11. Qd1 Nc6 12. Bd3 d6 13. Nf3 e5 14. O-O e4 15. d5 exf3 16. dxc6 fxg2 17. Re1 bxc6 18. Bg7 Kf7 19. Bxh8 Qxh8 20. Nd2 Nd5 21. Ne4 Bf5 22. Bc4 Be6 23. Qf3+ Kg8 24. Nxd6 Rf8 25. Qe4 Rf6 26. Ne8 Rxf2 27. Qxe6+ Rf7 28. Bxd5 Bc5+ 29. Kxg2 cxd5 30. Rxa7 Bxa7 31. Nd6 Qf6 32. Nxf7 Qxf7 33. Qe8+ Qxe8 34. Rxe8+ Kf7 35. Rd8 Ke6 36. Rh8 Be3 37. Rxh7 Bd2 38. Rc7 Ke5 39. Kf3 1-0


[Site "https://www.chess.com"]

[Event "Titled Tuesday Blitz December 13 Late 2022"]
[White "Rian, Kapriaga"]
[Black "Aggelis, Nikolaos"]
[WhiteFideId "7103263"]
[BlackFideId "4213220"]
[WhiteElo "2284"]
[BlackElo "2189"]
[Result "0-1"]
[Round "02"]
[TimeControl "180+1"]
[Date "2022.12.14"]
[WhiteClock "0:00:01"]
[BlackClock "0:00:23"]

1. d4 f5 2. Nc3 Nf6 3. Bg5 d5 4. e3 Ne4 5. Bf4 Nxc3 6. bxc3 c6 7. c4 e6 8. c3 Bd6 9. Bxd6 Qxd6 10. Nf3 Nd7 11. Qb3 O-O 12. Bd3 b6 13. cxd5 exd5 14. O-O Nf6 15. c4 Be6 16. Rfc1 Rac8 17. c5 Qc7 18. a4 Nd7 19. cxb6 axb6 20. Ra2 Qd6 21. Rac2 Rc7 22. Ne5 Rfc8 23. Nxd7 Qxd7 24. Qxb6 f4 25. a5 Bf5 26. Bxf5 Qxf5 27. exf4 Qxf4 28. g3 Qf3 29. a6 h6 30. a7 Qa3 31. Rxc6 Qxc1+ 32. Rxc1 Rxc1+ 33. Kg2 Ra8 34. Qe6+ Kh8 35. Qxd5 Rxa7 36. Qf5 Rcc7 37. d5 Rf7 38. Qe6 Rae7 39. Qg6 Rf6 40. Qc2 Rd6 41. Qb3 Red7 42. Qb8+ Kh7 43. Qb1+ Kg8 44. Qf5 Rxd5 45. Qf4 Rf7 46. Qc4 Rdf5 47. Qd4 Rf3 48. Qd8+ Kh7 49. Qd4 R3f5 50. Qe4 Kg8 51. h4 Rxf2+ 52. Kh3 Rf1 53. Qd5 Rf3 54. Qe4 R3f6 55. Qd5 Rf5 56. Qe4 Kh8 57. Qe8+ Kh7 58. Qe4 Kh8 59. Qe8+ Rf8 60. Qe4 Rf3 61. Qd5 Re3 62. Qd4 Rff3 63. Qd8+ Kh7 64. Qd6 Rxg3+ 65. Qxg3 Rxg3+ 66. Kxg3 Kg6 67. Kg4 Kf6 68. Kf4 g6 69. Ke4 Ke6 70. Kf4 Kd5 71. h5 g5+ 72. Kf5 Kd6 0-1


[Site "https://www.chess.com"]

[Event "Titled Tuesday Blitz December 13 Late 2022"]
[White "Romero Ruscalleda, Josep"]
[Black "Krastev, Alexander"]
[WhiteFideId "2231859"]
[BlackFideId "12989983"]
[WhiteElo "2183"]
[BlackElo "2476"]
[Result "0-1"]
[Round "02"]
[TimeControl "180+1"]
[Date "2022.12.14"]
[WhiteClock "0:00:02"]
[BlackClock "0:00:22"]

1. e4 c5 2. c3 Nf6 3. e5 Nd5 4. Nf3 d6 5. Bc4 Nb6 6. Bb3 Nc6 7. exd6 e6 8. O-O Bxd6 9. d4 O-O 10. Bg5 Qc7 11. h3 Bd7 12. Be3 cxd4 13. Nxd4 Nxd4 14. Bxd4 Bc6 15. Nd2 Rfd8 16. Qe2 Nd5 17. Ne4 Bf8 18. Rfe1 b6 19. Rad1 Rd7 20. Qh5 Nf4 21. Qe5 Qxe5 22. Bxe5 Nd3 23. Rxd3 Rxd3 24. Bd4 Bxe4 25. Rxe4 Rd2 26. f4 g6 27. h4 Bc5 28. h5 Bxd4+ 29. cxd4 Rd8 30. hxg6 hxg6 31. Kh2 R8xd4 32. Re3 Rxf4 33. Rc3 Rff2 34. Kh3 Rxb2 35. Rc8+ Kg7 36. Rc7 a5 37. Bxe6 b5 38. Bg4 a4 39. Bf3 Rxa2 40. Kg3 Rxf3+ 41. Kxf3 b4 42. Rb7 b3 43. Rb4 b2 44. g3 a3 45. Kg4 Ra1 0-1


[Site "https://www.chess.com"]

[Event "Titled Tuesday Blitz December 13 Late 2022"]
[White "Ronka, Erik"]
[Black "Grapsa, Georgia"]
[WhiteFideId "505080"]
[BlackFideId "4206436"]
[WhiteElo "2264"]
[BlackElo "1825"]
[Result "1-0"]
[Round "02"]
[TimeControl "180+1"]
[Date "2022.12.14"]
[WhiteClock "0:00:13"]
[BlackClock "0:00:24"]

1. e4 d5 2. exd5 Qxd5 3. Nc3 Qa5 4. b4 Qxb4 5. Rb1 Qd6 6. Nf3 Nf6 7. Nb5 Qd8 8. d4 c6 9. Na3 e6 10. Nc4 Be7 11. Bd3 O-O 12. O-O b5 13. Nce5 Bb7 14. Qe2 a6 15. Ng5 Nbd7 16. f4 h6 17. Ngf3 Nxe5 18. fxe5 Nd5 19. Qe4 g6 20. Bxh6 Nc3 21. Qg4 Qe8 22. Rbe1 c5 23. Ng5 c4 24. Bxg6 fxg6 25. Qxe6+ Kh8 26. Qh3 Bc8 27. e6 Rxf1+ 28. Rxf1 Ne2+ 29. Kh1 Kg8 30. Bg7 1-0


[Site "https://www.chess.com"]

[Event "Titled Tuesday Blitz December 13 Late 2022"]
[White "Rorrer, Grayson"]
[Black "Firouzja, Alireza"]
[WhiteFideId "30944996"]
[BlackFideId "12573981"]
[WhiteElo "2200"]
[BlackElo "2904"]
[Result "0-1"]
[Round "02"]
[TimeControl "180+1"]
[Date "2022.12.13"]
[WhiteClock "0:02:15"]
[BlackClock "0:02:32"]

1. Nf3 d5 2. c4 d4 3. e3 Nc6 4. b4 dxe3 5. fxe3 Nxb4 6. d4 e6 7. Nc3 Nf6 8. a3 Nc6 9. d5 Ne7 10. e4 Ng6 11. Bd3 e5 12. Be3 Ng4 13. Qd2 Nxe3 14. Qxe3 b6 15. Qd2 Bd7 16. O-O Bc5+ 17. Kh1 O-O 18. a4 a5 0-1


[Site "https://www.chess.com"]

[Event "Titled Tuesday Blitz December 13 Late 2022"]
[White "Rosen, Eric"]
[Black "Novikova, Galina"]
[WhiteFideId "2032562"]
[BlackFideId "4157095"]
[WhiteElo "2362"]
[BlackElo "1953"]
[Result "1-0"]
[Round "02"]
[TimeControl "180+1"]
[Date "2022.12.14"]
[WhiteClock "0:00:44"]
[BlackClock "0:00:01"]

1. d4 e6 2. Bf4 d5 3. e3 Bd6 4. Bxd6 Qxd6 5. Qg4 Qf8 6. Nc3 Nf6 7. Qg3 c6 8. Bd3 Nbd7 9. Nf3 Qb4 10. O-O-O O-O 11. h4 b5 12. h5 Qe7 13. Ne5 Bb7 14. Rh4 b4 15. Ne2 c5 16. h6 g6 17. Qg5 Rfe8 18. Bb5 Bc8 19. dxc5 Ne4 20. Qxe7 Rxe7 21. Bxd7 Bxd7 22. Nxd7 Rxd7 23. Rxe4 Rc7 24. Rxb4 Rxc5 25. Rb7 Rac8 26. c3 R5c7 27. Rxc7 Rxc7 28. e4 Rd7 29. exd5 exd5 30. Nf4 f5 31. Rxd5 Re7 32. Kd2 Kf7 33. Rd6 Re4 34. g3 Ra4 35. Rd7+ Kf6 36. a3 g5 37. Nd5+ Ke6 38. Rd8 Ke5 39. Kd3 Ra5 40. f4+ Ke6 41. c4 gxf4 42. gxf4 Ra6 43. Rh8 Kf7 44. Rxh7+ Kg6 45. Rg7+ Kxh6 46. Rg5 Rd6 47. Kd4 Rd8 48. Ke5 Rb8 49. b4 a5 50. b5 a4 51. Kxf5 Rf8+ 52. Ke4 Re8+ 53. Kd4 Rd8 54. b6 Re8 55. c5 Rd8 56. c6 Rc8 57. b7 Rd8 58. c7 Re8 59. c8=Q 1-0


[Site "https://www.chess.com"]

[Event "Titled Tuesday Blitz December 13 Late 2022"]
[White "Rosenberg, Evan S"]
[Black "Winkels, Marcel"]
[WhiteFideId "2019299"]
[BlackFideId "1003887"]
[WhiteElo "2426"]
[BlackElo "1900"]
[Result "1-0"]
[Round "02"]
[TimeControl "180+1"]
[Date "2022.12.14"]
[WhiteClock "0:00:10"]
[BlackClock "0:00:07"]

1. d4 Nf6 2. Nf3 g6 3. Nc3 c5 4. d5 d6 5. e4 Bg7 6. Bb5+ Nbd7 7. a4 O-O 8. O-O a6 9. Be2 Rb8 10. Re1 Qc7 11. Bf4 Nh5 12. Bg5 Re8 13. Qd2 c4 14. Nd4 b5 15. axb5 axb5 16. Ncxb5 Qc5 17. Bxh5 gxh5 18. c3 Rxb5 19. Nxb5 Qxb5 20. Re3 Ne5 21. Rg3 Ng6 22. h4 Qc5 23. Bh6 Be5 24. Be3 Qc7 25. Rg5 Bg4 26. f3 Bd7 27. Rxh5 Rb8 28. Bd4 Qb7 29. Rg5 h6 30. Rxg6+ fxg6 31. Qxh6 Be8 32. Bxe5 dxe5 33. Qg5 Qc7 34. Ra6 Rb6 35. Ra8 Rb8 36. Rxb8 Qxb8 37. Qxe7 Bf7 38. d6 Qxb2 39. d7 Qc1+ 40. Kh2 Qf4+ 41. g3 Qd2+ 42. Kh3 Kg7 43. d8=Q Qxc3 44. Qf6+ Kh6 45. Qdh8# 1-0


[Site "https://www.chess.com"]

[Event "Titled Tuesday Blitz December 13 Late 2022"]
[White "Rustemov, Alexander"]
[Black "Suarez Uriel, Adrian"]
[WhiteFideId "4119002"]
[BlackFideId "22230874"]
[WhiteElo "2765"]
[BlackElo "2331"]
[Result "1-0"]
[Round "02"]
[TimeControl "180+1"]
[Date "2022.12.14"]
[WhiteClock "0:01:20"]
[BlackClock "0:01:18"]

1. d4 Nf6 2. c4 e6 3. Nf3 c5 4. d5 exd5 5. cxd5 d6 6. Nc3 g6 7. h3 Bg7 8. e4 O-O 9. Bd3 b5 10. Bxb5 Nxe4 11. Nxe4 Qa5+ 12. Nfd2 Qxb5 13. Nxd6 Qd3 14. N2c4 Qxd1+ 15. Kxd1 Ba6 16. Kc2 Nd7 17. Rd1 Rfd8 18. Bf4 Rab8 19. Rab1 Bd4 20. Na5 Ne5 21. Nc6 Rxd6 22. Nxb8 Bc4 23. Rxd4 cxd4 24. Bxe5 Rxd5 25. Nc6 Kf8 26. Bxd4 Bxa2 27. Ra1 1-0


[Site "https://www.chess.com"]

[Event "Titled Tuesday Blitz December 13 Late 2022"]
[White "Sadhwani, Raunak"]
[Black "Dimitrov, Atanas"]
[WhiteFideId "35093487"]
[BlackFideId "2901315"]
[WhiteElo "2657"]
[BlackElo "2644"]
[Result "1-0"]
[Round "02"]
[TimeControl "180+1"]
[Date "2022.12.13"]
[WhiteClock "0:01:40"]
[BlackClock "0:00:27"]

1. b3 e5 2. Bb2 Nc6 3. Nf3 d6 4. c4 g6 5. g3 Bg7 6. Bg2 Nge7 7. O-O O-O 8. Nc3 h6 9. d3 Be6 10. a3 a5 11. e3 d5 12. cxd5 Nxd5 13. Ne4 Qe7 14. Rc1 Rad8 15. Rxc6 bxc6 16. Nxe5 Qe8 17. Qc2 Ne7 18. Rc1 Bd5 19. Ng4 f5 20. Bxg7 fxg4 21. Bxf8 Qxf8 22. Qc3 Bxe4 23. Bxe4 a4 24. bxa4 h5 25. a5 Ra8 26. a6 Qf7 27. Qa5 Nc8 28. Bxc6 1-0


[Site "https://www.chess.com"]

[Event "Titled Tuesday Blitz December 13 Late 2022"]
[White "Sailer, Mike"]
[Black "Espinosa, Pedro"]
[WhiteFideId "2012901"]
[BlackFideId "30921066"]
[WhiteElo "2109"]
[BlackElo "2016"]
[Result "0-1"]
[Round "02"]
[TimeControl "180+1"]
[Date "2022.12.14"]
[WhiteClock "0:01:45"]
[BlackClock "0:01:50"]

1. Nf3 d5 2. c4 c6 3. g3 Nf6 4. Bg2 e6 5. O-O Nbd7 6. d4 dxc4 7. a4 Be7 8. Na3 Bxa3 9. Rxa3 O-O 10. Qc2 c5 11. Qxc4 cxd4 12. Qxd4 Qe7 13. Rd1 Nb6 14. a5 Nbd5 15. e4 Nb4 16. Rb3 Nc6 17. Qd6 Qxd6 18. Rxd6 Nxa5 19. Rc3 Nxe4 0-1


[Site "https://www.chess.com"]

[Event "Titled Tuesday Blitz December 13 Late 2022"]
[White "Samsonkin, Artiom"]
[Black "Albertini, Luca"]
[WhiteFideId "13503111"]
[BlackFideId "847038"]
[WhiteElo "2524"]
[BlackElo "2207"]
[Result "1-0"]
[Round "02"]
[TimeControl "180+1"]
[Date "2022.12.14"]
[WhiteClock "0:01:10"]
[BlackClock "0:00:47"]

1. e4 e5 2. Nf3 Nc6 3. d4 exd4 4. Bc4 Nf6 5. e5 d5 6. Bb5 Ne4 7. Nxd4 Bc5 8. Be3 O-O 9. Nxc6 bxc6 10. Bxc5 Nxc5 11. Bxc6 Ba6 12. Nc3 Qg5 13. Qd4 Ne6 14. Qe3 Qxe3+ 15. fxe3 Rab8 16. O-O-O Rb4 17. Nxd5 Rg4 18. h3 Rg5 19. Nb4 Bc8 20. Nd3 h5 21. h4 Rg3 22. Bf3 Ba6 23. Nf4 g6 24. Nd5 Bb7 25. Nf6+ Kg7 26. Bxb7 Rxe3 27. Rhf1 Rxe5 28. Nd7 1-0


[Site "https://www.chess.com"]

[Event "Titled Tuesday Blitz December 13 Late 2022"]
[White "Santos Flores, Alberto"]
[Black "Seletsky, Grigory"]
[WhiteFideId "3601234"]
[BlackFideId "14112191"]
[WhiteElo "2235"]
[BlackElo "2492"]
[Result "1-0"]
[Round "02"]
[TimeControl "180+1"]
[Date "2022.12.14"]
[WhiteClock "0:00:56"]
[BlackClock "0:01:17"]

1. d4 d6 2. e4 Nf6 3. Nc3 e5 4. dxe5 dxe5 5. Qxd8+ Kxd8 6. Bc4 Be6 7. Bxe6 fxe6 8. f3 Nc6 9. Be3 Bd6 10. Nge2 Ke7 11. Nb5 a6 12. Nxd6 cxd6 13. O-O-O b5 14. Kb1 Rab8 15. Rd2 Rhd8 16. Rhd1 h6 17. h4 d5 18. Ng3 d4 19. Bf2 b4 20. Ne2 a5 21. Nc1 a4 22. Nd3 g5 23. hxg5 hxg5 24. Bg3 Nd7 25. Rh1 Rh8 26. Rdd1 Kf6 27. Nf2 Kg7 28. Ng4 Rxh1 29. Rxh1 Rh8 30. Rxh8 Kxh8 31. Kc1 Kh7 32. Kd2 Kg6 33. Kd3 Kf7 34. Kc4 Ke7 35. Kb5 b3 36. cxb3 axb3 37. a4 d3 38. Kxc6 d2 39. Ne3 1-0


[Site "https://www.chess.com"]

[Event "Titled Tuesday Blitz December 13 Late 2022"]
[White "Sargsyan, Anna M."]
[Black "Sjugirov, Sanan"]
[WhiteFideId "13308130"]
[BlackFideId "4189302"]
[WhiteElo "2284"]
[BlackElo "2613"]
[Result "1/2-1/2"]
[Round "02"]
[TimeControl "180+1"]
[Date "2022.12.13"]
[WhiteClock "0:00:05"]
[BlackClock "0:00:04"]

1. e4 c6 2. d4 d5 3. exd5 cxd5 4. Bd3 Nc6 5. c3 Nf6 6. Ne2 Bg4 7. O-O e6 8. f3 Bh5 9. Re1 Bd6 10. Nd2 Bg6 11. Nf1 O-O 12. Bf4 Rb8 13. a4 a6 14. Qd2 Na5 15. Rad1 b5 16. axb5 axb5 17. Bxd6 Qxd6 18. b4 Bxd3 19. Qxd3 Nc4 20. Ra1 Ra8 21. Nd2 Qc6 22. Nb3 Rxa1 23. Rxa1 Ra8 24. Rxa8+ Qxa8 25. Nc5 Qa1+ 26. Kf2 h6 27. Qc2 Ne8 28. Nb3 Qa3 29. Nec1 Ned6 30. Qa2 Qb2+ 31. Qxb2 Nxb2 32. Ke1 f6 33. g3 Kf7 34. Kd2 g5 35. Kc2 Nbc4 36. Nd2 Nb6 37. Nd3 h5 38. Nc5 g4 39. Kd3 Nbc4 40. fxg4 hxg4 41. Nxc4 Nxc4 42. Na6 Nd6 43. Nc5 Nc4 44. Na6 Ke7 45. Nc5 e5 46. dxe5 fxe5 47. Nb3 Ke6 48. Nc5+ Kf5 49. Na6 Nb2+ 50. Ke3 Na4 51. Kd3 e4+ 52. Kd4 e3 53. Kxe3 Nxc3 54. Kd4 Ne2+ 55. Kxd5 Ng1 56. Nc7 Nf3 57. Nxb5 Nxh2 58. Nd4+ Kf6 59. b5 Ke7 60. b6 Kd7 61. Nc6 Kc8 62. Ne5 Kb7 63. Kc5 Nf1 64. Nxg4 Nxg3 65. Nf6 Nf5 66. Nd5 Ng3 67. Nc3 Nf5 68. Nb5 Ne7 69. Nd6+ Kb8 70. Kb5 Nd5 71. b7 Nc7+ 72. Kc6 Ne6 73. Nc4 Nd8+ 74. Kb6 Nxb7 1/2-1/2


[Site "https://www.chess.com"]

[Event "Titled Tuesday Blitz December 13 Late 2022"]
[White "Sivakumar, Shaaketh"]
[Black "Svane, Frederik"]
[WhiteFideId "30940176"]
[BlackFideId "12923044"]
[WhiteElo "2573"]
[BlackElo "2845"]
[Result "0-1"]
[Round "02"]
[TimeControl "180+1"]
[Date "2022.12.14"]
[WhiteClock "0:00:13"]
[BlackClock "0:00:19"]

1. d4 Nf6 2. c4 e6 3. g3 d5 4. Nf3 dxc4 5. Bg2 a6 6. O-O Nc6 7. e3 Bd7 8. Qe2 Bd6 9. Nbd2 b5 10. b3 cxb3 11. axb3 O-O 12. Bb2 Nb4 13. Rfc1 Rc8 14. Ne5 c5 15. dxc5 Rxc5 16. Rxc5 Bxc5 17. Ne4 Nxe4 18. Bxe4 Bc8 19. Qh5 f5 20. Rd1 Qe8 21. Qxe8 Rxe8 22. Bf3 Kf8 23. Nd7+ Bxd7 24. Rxd7 Re7 25. Rd8+ Kf7 26. Bh5+ g6 27. Bf3 h5 28. Kg2 Ra7 29. Rh8 Nd3 30. Bc3 b4 31. Bd2 a5 32. Be2 Ne5 33. f4 Ng4 34. Bc4 Bxe3 35. Bxe3 Nxe3+ 36. Kf3 Nxc4 37. Rh7+ Kf6 38. Rxa7 Nd2+ 39. Ke2 Nxb3 40. Kd3 g5 41. Kc4 Nd2+ 42. Kd3 Nf1 43. Rxa5 Nxh2 44. Ke3 Nf1+ 45. Kf2 Nd2 46. Ra2 Ne4+ 47. Kg2 Nc5 48. Ra5 Nd3 49. Rb5 gxf4 50. gxf4 Nxf4+ 51. Kf3 Nd5 52. Rb8 Ke5 53. Rh8 Kd4 54. Rxh5 Kc3 55. Rh1 b3 56. Rc1+ Kd2 57. Rb1 Kc2 58. Rf1 b2 59. Rf2+ Kb3 60. Re2 b1=Q 61. Rxe6 Qf1+ 62. Kg3 Qf4+ 63. Kg2 Qe4+ 64. Rxe4 fxe4 65. Kf2 Kc2 66. Ke2 Kc3 67. Kf2 Kd2 68. Kf1 e3 69. Kg2 e2 70. Kf2 e1=Q+ 71. Kf3 Qe3+ 72. Kg2 Qf4 73. Kh3 Qg5 74. Kh2 Ke2 75. Kh3 Kf2 76. Kh2 Qg2# 0-1


[Site "https://www.chess.com"]

[Event "Titled Tuesday Blitz December 13 Late 2022"]
[White "So, Wesley"]
[Black "Javakhadze, Zurab"]
[WhiteFideId "5202213"]
[BlackFideId "13603647"]
[WhiteElo "2763"]
[BlackElo "2381"]
[Result "1-0"]
[Round "02"]
[TimeControl "180+1"]
[Date "2022.12.13"]
[WhiteClock "0:01:10"]
[BlackClock "0:00:25"]

1. d4 d5 2. c4 e6 3. Nc3 Nf6 4. cxd5 exd5 5. Bg5 c6 6. e3 Be7 7. Bd3 Nbd7 8. f3 Nh5 9. Bxe7 Qxe7 10. Qd2 Nf4 11. Bc2 Nb6 12. b3 O-O 13. Kf2 Ne6 14. Nge2 Re8 15. Rhe1 g6 16. Kg1 Ng7 17. e4 dxe4 18. fxe4 Bg4 19. Nf4 Rad8 20. h3 Bc8 21. Rad1 Qg5 22. e5 Nd5 23. Nfxd5 1-0


[Site "https://www.chess.com"]

[Event "Titled Tuesday Blitz December 13 Late 2022"]
[White "Souleidis, Georgios"]
[Black "Bortnyk, Olexandr"]
[WhiteFideId "4206827"]
[BlackFideId "14120828"]
[WhiteElo "2401"]
[BlackElo "2723"]
[Result "0-1"]
[Round "02"]
[TimeControl "180+1"]
[Date "2022.12.13"]
[WhiteClock "0:00:01"]
[BlackClock "0:00:37"]

1. e4 g6 2. d4 Bg7 3. Nc3 a6 4. Be3 b5 5. g4 Bb7 6. Bg2 e6 7. h4 h6 8. Qd2 d6 9. O-O-O Nd7 10. Kb1 Nb6 11. b3 b4 12. Nce2 a5 13. Ng3 Ne7 14. f4 a4 15. h5 axb3 16. cxb3 Qd7 17. hxg6 fxg6 18. N1e2 Qb5 19. Nc1 Ra3 20. f5 exf5 21. gxf5 gxf5 22. Nh5 Rg8 23. Nxg7+ Rxg7 24. Bf3 Rg3 25. Be2 Bxe4+ 26. Kb2 Qa5 27. Rxh6 Nbd5 28. Rh8+ Kd7 29. Bf4 Rgxb3+ 30. axb3 Nc3 0-1


[Site "https://www.chess.com"]

[Event "Titled Tuesday Blitz December 13 Late 2022"]
[White "Steenbekkers, Franck"]
[Black "Jarocka, Liwia"]
[WhiteFideId "1004220"]
[BlackFideId "21807558"]
[WhiteElo "1923"]
[BlackElo "1989"]
[Result "0-1"]
[Round "02"]
[TimeControl "180+1"]
[Date "2022.12.14"]
[WhiteClock "0:01:09"]
[BlackClock "0:00:42"]

1. e4 e6 2. d4 d5 3. Nd2 Nf6 4. e5 Nfd7 5. c3 c5 6. Bd3 Nc6 7. Ngf3 cxd4 8. cxd4 f6 9. exf6 Nxf6 10. O-O Bd6 11. Nb3 O-O 12. Bg5 Qc7 13. Bh4 Ne4 14. Bg3 Nxg3 15. hxg3 Kh8 16. Ng5 g6 17. Re1 Qe7 18. Nf3 Bd7 19. Rc1 Qf6 20. Nc5 Bxc5 21. Rxc5 Rac8 22. Bb5 Nxd4 23. Nxd4 Rxc5 24. Bxd7 Qxf2+ 25. Kh2 Rc7 26. Bxe6 Rc4 27. Nf3 Rc2 28. Bh3 Rxf3 29. Qxd5 Qxg3+ 0-1


[Site "https://www.chess.com"]

[Event "Titled Tuesday Blitz December 13 Late 2022"]
[White "Sukandar, Irine Kharisma"]
[Black "Rodriguez Santiago, Jaime"]
[WhiteFideId "7101937"]
[BlackFideId "3100898"]
[WhiteElo "2301"]
[BlackElo "2025"]
[Result "1-0"]
[Round "02"]
[TimeControl "180+1"]
[Date "2022.12.14"]
[WhiteClock "0:00:45"]
[BlackClock "0:00:17"]

1. d4 Nf6 2. c4 e6 3. Nf3 d5 4. Nc3 c5 5. cxd5 Nxd5 6. g3 Nc6 7. Bg2 cxd4 8. Nxd4 Nxc3 9. bxc3 Nxd4 10. Qxd4 Qxd4 11. cxd4 Bb4+ 12. Bd2 Bxd2+ 13. Kxd2 Rb8 14. Rhc1 Kd8 15. Rc3 Re8 16. Ra3 a6 17. Rb1 b5 18. Rc1 Re7 19. h4 Ra7 20. Rf3 f6 21. Rd3 Ke7 22. Rc5 Bd7 23. Rdc3 Kd6 24. e4 b4 25. e5+ fxe5 26. dxe5+ Ke7 27. Rc1 a5 28. Rc7 Rxc7 29. Rxc7 Kd8 30. Ra7 Rb5 31. f4 Rc5 32. Rb7 Ba4 33. Be4 Bc6 34. Bxc6 Rxc6 35. Rxg7 h5 36. Ra7 Rc5 37. Ra6 Ke7 38. Rb6 Rc3 39. Rb7+ Kf8 40. a4 Ra3 41. Rh7 Rxa4 42. Rxh5 Ra3 43. g4 Rf3 44. f5 exf5 45. Rxf5+ Rxf5 46. gxf5 a4 47. Kd3 Kg7 48. Kc4 b3 49. Kc3 Kh6 50. e6 Kg7 51. h5 Kf6 52. h6 1-0


[Site "https://www.chess.com"]